 Dungeon Crawl Stone Soup version 0.24.0-123-gd5b16e6ec5 (webtiles) character file.

Game seed: 16251670771065019848, levelgen mode: deterministic

56025 Emblim88 the Martial Artist (level 14, -10/109 HPs)
             Began as a Gnoll Transmuter on Jan 4, 2020.
             Was an Initiate of Gozag.
             Succumbed to a death drake's dark miasma
             ... on level 14 of the Dungeon.
             The game lasted 01:28:53 (24778 turns).

Emblim88 the Martial Artist (Gnoll Transmuter)     Turns: 24778, Time: 01:28:53

Health: -10/109    AC: 24    Str: 14    XL:     14   Next: 79%
Magic:  28/28      EV: 23    Int: 23    God:    Gozag
Gold:   2613       SH:  4    Dex: 27    Spells: 22/34 levels left

rFire    + + .     SeeInvis .   b - +6 short sword (distort)
rCold    + + .     Gourm    .   (no shield)
rNeg     . . .     Faith    .   L - +5 scale mail "Qomu" {rF++ MR+ Int+2 Dex-3}
rPois    .         Spirit   .   D - +2 helmet {Int+3}
rElec    .         Reflect  +   y - +0 cloak
rCorr    +         Harm     .   f - +0 pair of gloves "Dazaskac" {Dex+4}
MR       ++...                  l - +3 pair of boots of Tenacity {rC++}
Stlth    +++++.....             q - +4 amulet of reflection
HPRegen  0.28/turn              o - +4 ring of dexterity
MPRegen  0.21/turn              X - ring of resist corrosion

@: agile, lethally poisoned (-10 -> -141), hasted and slowed
A: distributed training, fangs 1, strong nose
a: Potion Petition, Call Merchant, Bribe Branch, Renounce Religion


You were on level 14 of the Dungeon.
You worshipped Gozag.
Gozag was most pleased with you.
You were hungry.

You visited 4 branches of the dungeon, and saw 22 of its levels.
You also visited: Volcano.

You collected 4761 gold pieces.
You spent 2062 gold pieces at shops.
You paid 86 gold pieces to Gozag.

Inventory:

Hand Weapons
 b - a +6 short sword of distortion (weapon)
 C - the +9 flail of the Tired Demons {holy, +Rage}
   (You found it on level 7 of the Dungeon)

   It has been blessed by the Shining One to cause great damage to the undead
   and demons.
   It lets you go berserk.
 T - the cursed +3 spear of Karma {pierce, Dex+3}
   (You found it on level 6 of the Lair of Beasts)

   It inflicts extra damage upon your enemies.
   It affects your dexterity (+3).
   It has a curse placed upon it.
Missiles
 a - 126 arrows
 u - a throwing net
 I - 106 poisoned darts (quivered)
 U - 8 boomerangs of dispersal
Armour
 f - the +0 pair of gloves "Dazaskac" (worn) {Dex+4}
   (You found it on level 1 of the Lair of Beasts)

   It affects your dexterity (+4).
 l - the +3 pair of boots of Tenacity (worn) {rC++}
   (You found it on level 4 of the Dungeon)

   It greatly protects you from cold.
 m - a +3 large shield
 y - a +0 cloak (worn)
 D - a +2 helmet of intelligence (worn)
 L - the +5 scale mail "Qomu" (worn) {rF++ MR+ Int+2 Dex-3}
   (You bought it in a shop on level 7 of the Dungeon)

   It affects your intelligence (+2).
   It affects your dexterity (-3).
   It greatly protects you from fire.
   It affects your resistance to hostile enchantments.
Jewellery
 i - an uncursed ring of magical power
 o - a +4 ring of dexterity (left hand)
 q - a +4 amulet of reflection (around neck)
 t - an uncursed amulet of faith {unknown}
 Q - an uncursed ring of magical power
 X - a ring of resist corrosion (right hand)
Wands
 k - a wand of disintegration (16)
 z - a wand of random effects (23)
 E - a wand of enslavement (15)
 G - a wand of digging (11)
 R - a wand of scattershot (9)
Scrolls
 c - 9 scrolls of teleportation
 e - a scroll of noise
 h - 5 scrolls of amnesia
 r - 2 scrolls of magic mapping
 s - a scroll of blinking {unknown}
 w - 5 scrolls of remove curse
 x - 3 scrolls of enchant armour
 F - 3 scrolls of brand weapon
 H - 2 scrolls of fog
 N - 3 scrolls of fear
 S - a scroll of silence
Potions
 g - a potion of mutation
 j - 2 potions of flight
 n - 4 potions of brilliance
 p - 3 potions of degeneration
 v - 6 potions of berserk rage
 A - 2 potions of lignification
 B - 3 potions of haste
 K - 2 potions of invisibility
 O - a potion of resistance
Miscellaneous
 J - a phantom mirror
 M - a fan of gales
 P - a lamp of fire
Comestibles
 d - 9 rations


   Skills:
 + Level 9.7 Fighting
 + Level 9.3 Short Blades
 + Level 9.3 Long Blades
 + Level 9.3 Axes
 + Level 9.3 Maces & Flails
 + Level 9.3 Polearms
 + Level 9.3 Staves
 + Level 9.3 Slings
 + Level 9.3 Bows
 + Level 9.3 Crossbows
 + Level 9.3 Throwing
 + Level 9.3 Armour
 + Level 10.4 Dodging
 + Level 9.3 Stealth
 + Level 9.3 Shields
 + Level 11.2 Unarmed Combat
 + Level 10.5 Spellcasting
 + Level 7.8 Conjurations
 + Level 7.8 Hexes
 + Level 7.8 Charms
 + Level 7.8 Summonings
 + Level 7.8 Necromancy
 + Level 7.8 Translocations
 + Level 8.8 Transmutations
 + Level 7.8 Fire Magic
 + Level 7.8 Ice Magic
 + Level 7.8 Air Magic
 + Level 7.8 Earth Magic
 + Level 7.8 Poison Magic
 + Level 10.2 Invocations
 + Level 9.3 Evocations


You had 22 spell levels left.
You knew the following spells:

 Your Spells              Type           Power        Failure   Level  Hunger
a - Beastly Appendage     Tmut           ######       1%          1    None
b - Ignite Poison         Fire/Tmut/Pois #####...     1%          3    None
c - Blade Hands           Tmut           ######....   13%         5    ####...
d - Gell's Gravitas       Tloc           #####.....   1%          3    None

Your spell library contained the following spells:

 Spells                   Type           Power        Failure   Level  Hunger
 Animate Skeleton         Necr           N/A          1%          1    None
 Apportation              Tloc           #####.       1%          1    None
 Confusing Touch          Hex            #####.       1%          1    None
 Corona                   Hex            #####..      1%          1    None
 Magic Dart               Conj           ####         1%          1    None
 Summon Small Mammal      Summ           ####         1%          1    None
 Searing Ray              Conj           #####.       1%          2    None
 Sticks to Snakes         Tmut           ######..     1%          2    None
 Confuse                  Hex            #####...     1%          3    None
 Dazzling Spray           Conj/Hex       #####.       1%          3    None
 Spider Form              Tmut/Pois      ######....   1%          3    None
 Ice Form                 Ice/Tmut       ######..     6%          4    #......
 Petrify                  Tmut/Erth      ######..     6%          4    #......
 Force Lance              Conj/Tloc      #####...     7%          4    #......
 Fulminant Prism          Conj/Hex       #####.....   7%          4    #......
 Iskenderun's Mystic Bla  Conj           #####...     7%          4    #......
 Alistair's Intoxication  Tmut/Pois      ######..     16%         5    ####...
 Yara's Violent Unravell  Hex/Tmut       ######....   16%         5    ####...
 Bolt of Magma            Conj/Fire/Erth #####.....   19%         5    ####...
 Fireball                 Conj/Fire      #####.....   19%         5    ####...
 Iskenderun's Battlesphe  Conj/Chrm      #####...     19%         5    ####...
 Metabolic Englaciation   Hex/Ice        #####.....   19%         5    ####...
 Silence                  Hex/Air        #####.....   19%         5    ####...
 Venom Bolt               Conj/Pois      #####.....   19%         5    ####...
 Hydra Form               Tmut           ######....   58%         6    ######.
 Bolt of Fire             Conj/Fire      #####.....   71%         6    ######.
 Iron Shot                Conj/Erth      #####.....   71%         6    ######.
 Orb of Destruction       Conj           #####.....   99%         7    #######
 Ring of Flames           Chrm/Fire      #####.....   99%         7    #######
 Spellforged Servitor     Conj/Summ      #####.....   99%         7    #######
 Ignition                 Fire           #####.....   100%        8    #######


Dungeon Overview and Level Annotations

Branches:
Dungeon (14/15) Temple (1/1) D:5 Lair (6/6) D:10 Swamp (0/4) Lair:2 Snake (0/4) Lair:4 Slime (0/5) Lair:6 Orc (1/2) D:10 Vaults (0/5) D:12 D:13 Volcano (visited)

Altars:
Ashenzari
Cheibriados
Dithmenos
Elyvilon
Fedhas
Gozag
Hepliaklqana
Kikubaaqudgha
Makhleb
Nemelex Xobeh
Okawaru
Qazlal
Ru
Sif Muna
Trog
Uskayaw
Vehumet
Wu Jian
Xom
Yredelemnul
Zin
The Shining One

Shops:
D:7 *%[*   D:12 }

Annotations:
D:4 3 runed translucent doors, Bergy's ghost, novice GrFi
D:5 3 runed translucent doors, DungeonDestroyer's ghost, novice GnFi
Abyss:1 Grum; Rupert


Innate Abilities, Weirdness & Mutations

Your experience applies equally to all skills.
You have very sharp teeth.
Your uncanny sense of smell can sniff out nearby items.


Message History

You are more poisoned.
You feel your flesh rotting away!
You are engulfed in dark miasma.
You are more poisoned.
You feel your flesh rotting away!
* * * LOW HITPOINT WARNING * * *
x2 You feel extremely sick.
Okay, then.
Okay, then.
Okay, then.
Okay, then. [a] - 0 gold - haste and flight [b] - 0 gold - resistance, might and agility [c] - 0 gold - heal wounds, haste and agility Purchase which effect?
You feel much better.
You feel yourself speed up.
You feel agile all of a sudden.
You are engulfed in dark miasma.
You are more poisoned.
* * * LOW HITPOINT WARNING * * *
You die...
Your body crumbles into a pile of gold.

#####.# .. (....+
. .... . ... #.
#.#
#.##.###$#####+##
#......°........#
#.....°°°<......#
#######@#########
#...###k###..##
.....○°.°°....#
.....°°...°...#
#.####..###..##
#..# ## ....
..... ######


You could see a death drake.

Vanquished Creatures
  A dire elephant (Lair:6)
  The ghost of Elellon the Basher, a journeyman DDFi of Makhleb (D:12)
  A rakshasa (D:12)
  2 centaur warriors
  2 two-headed ogres
  A tengu warrior (D:13)
  3 death yaks (Lair:3)
  A fire crab (Lair:6)
  3 cyclopes
  5 ugly things
  A manticore (D:12)
  A centaur zombie (D:12)
  Maurice (D:8)
  Joseph (D:8)
  A black mamba (Lair:4)
  3 centaur skeletons
  5 spiny frogs
  4 elephants (Lair:6)
  2 gargoyles
  A kobold demonologist (D:11)
  2 rime drakes (Lair:4)
  An efreet (D:13)
  4 komodo dragons
  A demonic crawler (Lair:1)
  A queen bee (D:12)
  2 trolls
  2 meliai (D:12)
  A hornet (D:12)
  A polar bear (Lair:6)
  A slime creature (D:11)
  3 hippogriffs
  7 blink frogs
  6 dream sheep
  5 wyverns
  2 fire elementals (Volcano)
  16 humans
  2 hogs (D:9)
  26 yaks
  A hungry ghost (D:13)
  2 swamp worms (Lair:1)
  An acid dragon (D:12)
  9 water moccasins
  4 orc warriors
  13 porcupines
  An ice beast (D:9)
  2 black bears
  A hornet zombie (D:9)
  A sky beast (D:7)
  8 ogres
  12 wolves
  3 centaurs
  8 crocodiles
  18 bullfrogs
  2 big kobolds (D:8)
  3 scorpions
  20 killer bees
  8 wights
  3 howler monkeys
  2 crimson imps
  7 jellies
  3 hounds
  A quasit (D:8)
  13 orc priests
  2 bullfrog skeletons
  5 iguanas
  16 orc wizards
  8 worker ants
  6 hell rats (Lair:6)
  A killer bee zombie (D:9)
  3 hound zombies
  A hound skeleton (D:11)
  2 worker ant zombies
  15 gnolls
  16 adders
  7 shadow imps
  3 oozes
  2 adder zombies
  2 worms
  6 leopard geckos
  71 orcs
  A ball python (D:1)
  7 giant cockroaches
  8 goblins
  6 hobgoblins
  9 jackals
  6 quokkas
  A ball python zombie (D:5)
  7 bats
  2 frilled lizards
  A jackal zombie (D:8)
  5 kobolds
  2 leopard gecko skeletons
  A quokka skeleton (D:5)
  8 rats
  A plant (Lair:6)
500 creatures vanquished.

Vanquished Creatures (others)
  A yaktaur captain (D:12)
  2 hydras
  A centaur warrior (D:12)
  An anaconda (Lair:6)
  A lindwurm (Lair:1)
  An orc knight (D:13)
  2 oklob plants (Lair:5)
  An ugly thing (D:13)
  A cyclops (D:13)
  3 elephants (Lair:6)
  A black mamba (Lair:5)
  4 spiny frogs
  An efreet (Volcano)
  2 polar bears
  A troll (D:11)
  A hornet (D:12)
  A blink frog (Lair:3)
  2 dream sheep (Lair:5)
  A hog (D:9)
  9 yaks
  A fire elemental (Volcano)
  A human (D:12)
  2 hungry ghosts
  A water moccasin (Lair:2)
  A porcupine (Lair:3)
  4 orc warriors
  2 phantoms
  2 ice beasts
  An ogre (D:9)
  2 sky beasts
  A wolf (D:10)
  An eye of draining (D:10)
  4 centaurs
  4 crocodiles
  A big kobold (D:8)
  3 bullfrogs
  2 gnoll sergeants
  An earth elemental (Volcano)
  2 killer bees (D:7)
  A wight (D:13)
  A howler monkey (D:6)
  2 crimson imps (D:8)
  2 quasits
  A bullfrog skeleton (D:7)
  2 orc wizards
  A centaur skeleton (D:10)
  2 orc priests (D:10)
  2 hounds (D:9)
  A hell rat (Lair:6)
  A worker ant (D:4)
  An adder (D:10)
  4 gnolls
  9 orcs
  2 kobolds (D:8)
  8 fungi
  12 plants
125 creatures vanquished.

Grand Total: 625 creatures vanquished

Notes
Turn   | Place    | Note
-------+----------+-------------------------------------------
     0 | D:1      | Emblim88 the Gnoll Transmuter began the quest for the Orb.
     0 | D:1      | Reached XP level 1. HP: 17/17 MP: 6/6
   415 | D:1      | Reached XP level 2. HP: 23/23 MP: 7/7
  1183 | D:2      | Reached XP level 3. HP: 27/28 MP: 9/9
  1204 | D:2      | Reached skill level 5 in Spellcasting
  1254 | D:2      | Reached skill level 1 in Invocations
  1478 | D:2      | Reached skill level 1 in Short Blades
  1478 | D:2      | Reached skill level 1 in Long Blades
  1478 | D:2      | Reached skill level 1 in Axes
  1478 | D:2      | Reached skill level 1 in Maces & Flails
  1478 | D:2      | Reached skill level 1 in Polearms
  1478 | D:2      | Reached skill level 1 in Staves
  1478 | D:2      | Reached skill level 1 in Slings
  1478 | D:2      | Reached skill level 1 in Bows
  1478 | D:2      | Reached skill level 1 in Crossbows
  1478 | D:2      | Reached skill level 1 in Throwing
  1478 | D:2      | Reached skill level 1 in Armour
  1478 | D:2      | Reached skill level 1 in Stealth
  1478 | D:2      | Reached skill level 1 in Shields
  1478 | D:2      | Reached skill level 1 in Evocations
  1503 | D:2      | Reached XP level 4. HP: 29/34 MP: 11/11
  2250 | D:3      | Reached skill level 1 in Conjurations
  2250 | D:3      | Reached skill level 1 in Hexes
  2250 | D:3      | Reached skill level 1 in Charms
  2250 | D:3      | Reached skill level 1 in Summonings
  2250 | D:3      | Reached skill level 1 in Necromancy
  2250 | D:3      | Reached skill level 1 in Translocations
  2250 | D:3      | Reached skill level 1 in Fire Magic
  2250 | D:3      | Reached skill level 1 in Ice Magic
  2250 | D:3      | Reached skill level 1 in Air Magic
  2250 | D:3      | Reached skill level 1 in Earth Magic
  2250 | D:3      | Reached skill level 1 in Poison Magic
  2292 | D:3      | You fall into a shaft and drop 1 floor!
  2342 | D:4      | Noticed a phantom
  2356 | D:4      | Reached XP level 5. HP: 32/40 MP: 12/12
  2374 | D:4      | Banished a phantom
  2398 | D:4      | Got a pair of encrusted boots
  2404 | D:4      | Identified the +3 pair of boots of Tenacity {rC++} (You
                  | found it on level 4 of the Dungeon)
  2515 | D:4      | Reached XP level 6. HP: 47/47 MP: 13/13
  2737 | D:4      | Noticed a sky beast
  2749 | D:4      | Banished a sky beast
  2749 | D:4      | Reached skill level 5 in Dodging
  3199 | D:3      | Found a faded altar of an unknown god.
  3375 | D:3      | Found an ancient bone altar of Kikubaaqudgha.
  3637 | D:4      | Found a runed translucent gate.
  3637 | D:4      | Found a runed translucent gate.
  3637 | D:4      | Noticed Bergy's ghost (novice GrFi)
  3638 | D:4      | Found a runed translucent gate.
  3859 | D:4      | Reached XP level 7. HP: 52/52 MP: 15/15
  4129 | D:5      | Entered Level 5 of the Dungeon
  4132 | D:5      | Found a bloodstained altar of Trog.
  4140 | D:5      | Found a staircase to the Ecumenical Temple.
  4161 | Temple   | Entered the Ecumenical Temple
  4322 | Temple   | Became a worshipper of Gozag Ym Sagoz the Greedy
  4369 | D:5      | Reached skill level 7 in Unarmed Combat
  4837 | D:5      | Reached XP level 8. HP: 43/60 MP: 16/16
  4955 | D:5      | Found a runed translucent gate.
  4955 | D:5      | Found an opulent altar of Gozag.
  4956 | D:5      | Found a runed translucent gate.
  4956 | D:5      | Found a runed translucent gate.
  4957 | D:5      | Noticed DungeonDestroyer's ghost (novice GnFi)
  5288 | D:6      | Found a white marble altar of Elyvilon.
  5947 | D:7      | Found Poumemech's General Store.
  6114 | D:6      | Reached XP level 9. HP: 30/66 MP: 18/18
  6260 | D:6      | Reached skill level 5 in Transmutations
  6585 | D:7      | Got a fine flail
  6629 | D:7      | Bought a +0 helmet of intelligence for 149 gold pieces
  6629 | D:7      | Bought a scroll of identify for 26 gold pieces
  6629 | D:7      | Bought a scroll of brand weapon for 260 gold pieces
  6642 | D:7      | Identified the +9 flail of the Tired Demons {holy, +Rage}
                  | (You found it on level 7 of the Dungeon)
  6853 | D:7      | Found Damy's Armour Boutique.
  6920 | D:7      | Reached skill level 5 in Fighting
  7097 | D:7      | Bought a +2 robe of cold resistance for 230 gold pieces
  7150 | D:7      | Found Kakao's Food Emporium.
  7152 | D:7      | Found Berchif's Assorted Antiques.
  7416 | D:8      | Noticed Joseph
  7426 | D:8      | Killed Joseph
  7426 | D:8      | Reached skill level 8 in Unarmed Combat
  7426 | D:8      | Reached skill level 5 in Invocations
  7445 | D:8      | Noticed Maurice
  7490 | D:8      | Killed Maurice
  7490 | D:8      | Reached XP level 10. HP: 74/74 MP: 20/20
  7671 | D:8      | Found a runed translucent door.
  7768 | D:8      | Found a sparkling altar of Nemelex Xobeh.
  7771 | D:8      | Found a runed translucent door.
  8206 | D:8      | Reached skill level 5 in Short Blades
  8206 | D:8      | Reached skill level 5 in Long Blades
  8206 | D:8      | Reached skill level 5 in Axes
  8206 | D:8      | Reached skill level 5 in Maces & Flails
  8206 | D:8      | Reached skill level 5 in Polearms
  8206 | D:8      | Reached skill level 5 in Staves
  8206 | D:8      | Reached skill level 5 in Slings
  8206 | D:8      | Reached skill level 5 in Bows
  8206 | D:8      | Reached skill level 5 in Crossbows
  8206 | D:8      | Reached skill level 5 in Throwing
  8206 | D:8      | Reached skill level 5 in Armour
  8206 | D:8      | Reached skill level 5 in Stealth
  8206 | D:8      | Reached skill level 5 in Shields
  8206 | D:8      | Reached skill level 5 in Evocations
  8261 | D:8      | Noticed a tengu warrior
  8572 | D:8      | Banished a tengu warrior
  8668 | D:8      | Noticed a two-headed ogre
  8698 | D:8      | Noticed a two-headed ogre
  9140 | D:9      | Found a hide-covered altar of Uskayaw.
  9907 | D:9      | Noticed a +0 dagger
  9907 | D:9      | Noticed a +0 hand axe
 10139 | D:9      | Noticed a two-headed ogre
 10180 | D:9      | Reached XP level 11. HP: 65/82 MP: 22/22
 10297 | D:9      | Found a shimmering altar of Xom.
 10652 | D:7      | Bought a scroll of identify for 56 gold pieces
 10764 | D:7      | Bought the +5 scale mail "Qomu" {rF++ MR+ Int+2 Dex-3} for
                  | 741 gold pieces
 10825 | D:10     | Entered Level 10 of the Dungeon
 10825 | D:10     | Noticed Grum
 10827 | D:10     | Banished Grum
 11077 | D:10     | Reached skill level 9 in Unarmed Combat
 11105 | D:10     | Found a staircase to the Orcish Mines.
 11272 | D:10     | Reached skill level 5 in Conjurations
 11272 | D:10     | Reached skill level 5 in Hexes
 11272 | D:10     | Reached skill level 5 in Charms
 11272 | D:10     | Reached skill level 5 in Summonings
 11272 | D:10     | Reached skill level 5 in Necromancy
 11272 | D:10     | Reached skill level 5 in Translocations
 11272 | D:10     | Reached skill level 5 in Fire Magic
 11272 | D:10     | Reached skill level 5 in Ice Magic
 11272 | D:10     | Reached skill level 5 in Air Magic
 11272 | D:10     | Reached skill level 5 in Earth Magic
 11272 | D:10     | Reached skill level 5 in Poison Magic
 11587 | D:10     | Noticed a two-headed ogre
 11592 | D:10     | Banished a two-headed ogre
 11627 | D:10     | Noticed a two-headed ogre
 11637 | D:10     | Killed a two-headed ogre
 11830 | D:10     | You fall into a shaft and drop 1 floor!
 11929 | D:11     | Noticed a two-headed ogre
 11934 | D:11     | Killed a two-headed ogre
 12926 | D:12     | Reached XP level 12. HP: 80/91 MP: 24/24
 13281 | D:12     | Found Ojoef's Gadget Shop.
 13284 | D:12     | Bought a lamp of fire for 600 gold pieces
 13348 | D:12     | Noticed Elellon's ghost (journeyman DDFi)
 13363 | D:12     | Found a transporter.
 13368 | D:12     | Found a transporter.
 13773 | D:12     | Noticed a rakshasa
 13808 | D:12     | Killed a rakshasa
 14048 | D:12     | Paralysed by a hornet for 3 turns
 14061 | D:12     | Killed Elellon's ghost
 14543 | D:13     | Found a gate to the Vaults.
 14543 | D:13     | Noticed a yaktaur captain
 14543 | D:13     | Noticed a centaur warrior
 14543 | D:13     | Noticed Rupert
 14769 | D:10     | Found a staircase to the Lair.
 14863 | Lair:1   | Entered Level 1 of the Lair of Beasts
 15215 | Lair:1   | Got a pair of steaming gloves
 15226 | Lair:1   | Identified the +0 pair of gloves "Dazaskac" {Dex+4} (You
                  | found it on level 1 of the Lair of Beasts)
 15242 | Lair:1   | Learned a level 3 spell: Ignite Poison
 15498 | Lair:1   | Reached skill level 10 in Unarmed Combat
 15786 | Lair:2   | Found a staircase to the Swamp.
 15891 | Lair:2   | Noticed a five-headed hydra
 16167 | Lair:1   | Banished a five-headed hydra
 16167 | Lair:1   | Reached XP level 13. HP: 78/98 MP: 26/26
 17835 | Lair:4   | Found a dark tunnel.
 17840 | Volcano  | Entered a volcano
 17979 | Volcano  | Noticed a stone giant
 18606 | Lair:4   | Found a staircase to the Snake Pit.
 19200 | Lair:5   | You fall into a shaft and drop 1 floor!
 19200 | Lair:6   | Entered Level 6 of the Lair of Beasts
 20112 | Lair:5   | Identified Taduf's Papyrus of Enthralling Moulding
 20476 | Lair:6   | Found a staircase to the Slime Pits.
 20878 | Lair:6   | Reached skill level 10 in Spellcasting
 20994 | Lair:6   | Reached XP level 14. HP: 45/108 MP: 28/28
 21978 | Lair:6   | Noticed a dire elephant
 21978 | Lair:6   | Noticed a dire elephant
 21988 | Lair:6   | Banished a dire elephant
 22133 | Lair:6   | Noticed a dire elephant
 22143 | Lair:6   | Killed a dire elephant
 22190 | Lair:6   | Got a bloodstained spear
 22221 | Lair:6   | Noticed a dire elephant
 22584 | Orc:1    | Entered Level 1 of the Orcish Mines
 22701 | D:12     | Reached skill level 10 in Dodging
 23111 | D:12     | Banished Rupert
 23111 | D:12     | Reached skill level 11 in Unarmed Combat
 23732 | D:13     | Identified the cursed +3 spear of Karma {pierce, Dex+3}
                  | (You found it on level 6 of the Lair of Beasts)
 23850 | D:13     | Reached skill level 10 in Invocations
 24117 | D:13     | Learned a level 5 spell: Blade Hands
 24121 | D:13     | Learned a level 3 spell: Gell's Gravitas
 24778 | D:14     | HP: 4/109 [death drake (shapeshifter)] (14)]
 24778 | D:14     | Succumbed to a death drake's dark miasma

Levels and vault maps discovered:
D:1:      dpeg_arrival_triangle_fractal, layout_basic
D:2:      layout_basic, first_ration, minmay_pentomino_s4
D:3:      layout_basic, marbit_many_paths, chequers_ecumenical_altar_island
D:4:      layout_basic, ebering_ghost_rock_garden
D:5:      layout_loops_ring, overflow_temple_1_default,
          minmay_temple_entry_gardened_gates, ebering_ghost_gozag,
          kennysheep_minor_cross
D:6:      layout_loops_cross, nicolae_overflow_crystal_walls
D:7:      layout_basic, serial_shops, shop_fountains,
          nicolae_shop_window_shopping, shop, nicolae_shop_window_shopping
D:8:      cheibrodos_histonic, layout_basic, nemelex_xobeh_ov_fountains_minmay,
          uniq_joseph, uniq_maurice
D:9:      layout_roguey, dancing_weapons_uskayaw, xom_butterflies,
          grunt_livestock, hangedman_corner_corridor
D:10:     layout_roguey, grunt_lair_entry_orc_guard_hut, hiddenorc2_lemuel,
          minivault_27, uniq_grum
D:11:     layout_roguey
D:12:     layout_loops_ring, gammafunk_ghost_hive, serial_shops,
          nicolae_shop_behind_doors
D:13:     layout_roguey, david_vaults_3
D:14:     layout_gridville, minmay_misc_feat_iff, uniq_roxanne, uniq_kirke
Temple:   eino_temple_scatter_basement
Lair:1:   layout_roguey, worms_lemuel
Lair:2:   layout_cave_pods, swamp_mist
Lair:3:   layout_roguey, beast_lair_carwin_2
Lair:4:   layout_regular_city, dummy_snake_entry, nicolae_volcano_entry_s_turn
Lair:5:   dpeg_oklob_gauntlet, layout_loops_ring
Lair:6:   due_jungle_book, layout_regular_city, nicolae_slime_entry_slimehenge,
          chequers_serial_rivers_small_3
Orc:1:    layout_diamond_mine

Skill      XL: |  1  2  3  4  5  6  7  8  9 10 11 12 13 14 |
---------------+-------------------------------------------+-----
Spellcasting   | 5 6 7 8 9 10 | 10.5
Invocations    | 1 2 3 4 5 6 7 8 9 10 | 10.2
Short Blades   | 1 2 3 4 5 6 7 8 9 |  9.3
Long Blades    | 1 2 3 4 5 6 7 8 9 |  9.3
Axes           | 1 2 3 4 5 6 7 8 9 |  9.3
Maces & Flails | 1 2 3 4 5 6 7 8 9 |  9.3
Polearms       | 1 2 3 4 5 6 7 8 9 |  9.3
Staves         | 1 2 3 4 5 6 7 8 9 |  9.3
Slings         | 1 2 3 4 5 6 7 8 9 |  9.3
Bows           | 1 2 3 4 5 6 7 8 9 |  9.3
Crossbows      | 1 2 3 4 5 6 7 8 9 |  9.3
Throwing       | 1 2 3 4 5 6 7 8 9 |  9.3
Armour         | 1 2 3 4 5 6 7 8 9 |  9.3
Stealth        | 1 2 3 4 5 6 7 8 9 |  9.3
Shields        | 1 2 3 4 5 6 7 8 9 |  9.3
Evocations     | 1 2 3 4 5 6 7 8 9 |  9.3
Conjurations   | 1 2 3 4 5 6 7 |  7.8
Hexes          | 1 2 3 4 5 6 7 |  7.8
Charms         | 1 2 3 4 5 6 7 |  7.8
Summonings     | 1 2 3 4 5 6 7 |  7.8
Necromancy     | 1 2 3 4 5 6 7 |  7.8
Translocations | 1 2 3 4 5 6 7 |  7.8
Fire Magic     | 1 2 3 4 5 6 7 |  7.8
Ice Magic      | 1 2 3 4 5 6 7 |  7.8
Air Magic      | 1 2 3 4 5 6 7 |  7.8
Earth Magic    | 1 2 3 4 5 6 7 |  7.8
Poison Magic   | 1 2 3 4 5 6 7 |  7.8
Fighting       | 3 4 5 6 7 8 9 |  9.7
Transmutations | 4 5 6 7 8 |  8.8
Dodging        | 5 6 7 8 9 10 | 10.4
Unarmed Combat | 7 8 9 10 11 | 11.2

Action                   |  1- 3 |  4- 6 |  7- 9 | 10-12 | 13-15 || total
-------------------------+-------+-------+-------+-------+-------++-------
Melee: Short sword       |   103 |   211 |   364 |  1098 |   771 ||  2547
       Headbutt          |     2 |       |       |       |       ||     2
       Bite              |    11 |    21 |    36 |   111 |    97 ||   276
       Punch             |     1 |       |       |       |     9 ||    10
       Unarmed           |       |       |       |       |    22 ||    22
Throw: Dart              |       |       |       |       |    60 ||    60
 Cast: Beastly Appendage |     2 |       |       |       |       ||     2
       Ignite Poison     |       |       |       |       |     5 ||     5
       Blade Hands       |       |       |       |       |     1 ||     1
Invok: Potion Petition   |       |       |       |       |     1 ||     1
Evoke: Lamp of fire      |       |       |       |     1 |     1 ||     2
       Wand              |       |       |       |       |     1 ||     1
  Use: Scroll            |       |     6 |     8 |    16 |     8 ||    38
       Potion            |       |       |     3 |     8 |     5 ||    16
 Stab: Sleeping          |       |     2 |     7 |    12 |    19 ||    40
       Distracted        |       |       |       |     7 |     4 ||    11
  Eat: Chunk             |     1 |     7 |     3 |       |       ||    11
       Ration            |       |       |     4 |     9 |     8 ||    21
Armor: Ring mail         |    52 |    56 |    77 |       |       ||   185
       Robe              |       |       |     7 |    59 |       ||    66
       Scale mail        |       |       |       |   191 |   143 ||   334
Dodge: Dodged            |    49 |    46 |    69 |   270 |   162 ||   596
Block: Large shield      |    53 |   165 |   263 |   887 |   491 ||  1859
       Reflection        |       |     4 |    10 |    23 |    36 ||    73
       Other             |       |       |       |       |    10 ||    10
